General information
- name: BNet
- type: Ladder team game (AT/RT)
- host: Battle.net
- saver: FlameChallenger
map: FullScaleAssault
- players: 8
- length: 18:03
- speed: Fast
- version: 1.26 W3XP
- replay type: Public
» download(101 KB)
Players
team 1 (loser)
deathdealers (
pink | 48 APM | 863 actions | 18:01)
6 Warden
3 Shadow Strike
2 Blink
1 Spirit of Vengeance
» actions
| Assign group hotkey | 92 | |
| Basic commands | 7 | |
| Build / train | 62 | |
| Enter build submenu | 13 | |
| Enter hero's abilities submenu | 6 | |
| Give item / drop item | 1 | |
| Remove unit from queue | 3 | |
| Right click | 205 | |
| Select / deselect | 251 | |
| Select group hotkey | 149 | |
| Use ability | 73 | |
863 total
» units
| Wisp | 12 | |
| Archer | 12 | |
| Druid of the Claw | 5 | |
| Dryad | 1 | |
| Acolyte | 7 | |
37 total
» upgrades
| Improved Bows | 1 | |
| Strength of the Wild | 1 | |
| Reinforced Hides | 1 | |
| Druid of the Claw Training | 2 | |
| Mark of the Claw | 1 | |
| Strength of the Moon | 1 | |
| Marksmanship | 1 | |
| Abolish Magic | 1 | |
| Moon Armor | 1 | |
10 total
» buildings
| Altar of Elders | 1 | |
| Moon Well | 6 | |
| Ancient of War | 1 | |
| Ancient of Wonders | 1 | |
| Tree of Ages | 1 | |
| Hunter's Hall | 1 | |
| Tree of Eternity | 1 | |
| Ancient of Lore | 2 | |
| Ancient Protector | 1 | |
15 total
» build order
00:19 Altar of Elders
00:34 Moon Well
00:51 Ancient of War
01:52 Moon Well
02:03 Ancient of Wonders
03:21 Moon Well
03:38 Tree of Ages
05:23 Hunter's Hall
05:35 Moon Well
07:10 Tree of Eternity
07:16 Ancient of Lore
07:26 Ancient of Lore
07:35 Ancient Protector
09:51 Moon Well
11:26 Moon Well
» items
| Scroll of Town Portal | 1 | |
| Scroll of Healing | 1 | |
| Scroll of Protection | 1 | |
3 total
Hien_T. (
orange | 28 APM | 500 actions | 17:55)
4 Dreadlord
2 Vampiric Aura
2 Sleep
» actions
| Assign group hotkey | 14 | |
| Build / train | 46 | |
| Enter build submenu | 14 | |
| Enter hero's abilities submenu | 4 | |
| Right click | 240 | |
| Select / deselect | 112 | |
| Select group hotkey | 48 | |
| Use ability | 22 | |
500 total
» units
| Acolyte | 12 | |
| Ghoul | 4 | |
| Crypt Fiend | 13 | |
| Obsidian Statue | 4 | |
33 total
» upgrades
» buildings
| Altar of Darkness | 1 | |
| Crypt | 2 | |
| Ziggurat | 7 | |
| Graveyard | 1 | |
| Tomb of Relics | 1 | |
| Nerubian Tower | 1 | |
| Spirit Tower | 4 | |
| Halls of the Dead | 1 | |
| Slaughterhouse | 1 | |
19 total
» build order
00:24 Altar of Darkness
00:29 Crypt
00:34 Ziggurat
00:52 Graveyard
02:02 Tomb of Relics
02:19 Ziggurat
02:54 Nerubian Tower
03:29 Spirit Tower
04:33 Halls of the Dead
05:01 Ziggurat
06:20 Spirit Tower
07:25 Slaughterhouse
07:38 Ziggurat
12:42 Crypt
13:31 Ziggurat
13:34 Ziggurat
13:49 Ziggurat
14:29 Spirit Tower
14:30 Spirit Tower
» items

»
kyurem (
green | 40 APM | 614 actions | 15:22)
4 Dark Ranger
2 Black Arrow
1 Life Drain
1 Silence
2 Priestess of the Moon
1 Searing Arrows
1 Trueshot Aura
» actions
| Build / train | 81 | |
| Enter build submenu | 21 | |
| Enter hero's abilities submenu | 6 | |
| Right click | 205 | |
| Select / deselect | 257 | |
| Use ability | 43 | |
614 total
» units
| Wisp | 39 | |
| Archer | 6 | |
| Huntress | 5 | |
| Goblin Zeppelin | 1 | |
| Druid of the Talon | 4 | |
| Druid of the Claw | 6 | |
61 total
» upgrades
| Strength of the Moon | 2 | |
| Moon Armor | 1 | |
| Druid of the Talon Training | 2 | |
| Sentinel | 1 | |
| Druid of the Claw Training | 2 | |
8 total
» buildings
| Moon Well | 7 | |
| Altar of Elders | 1 | |
| Hunter's Hall | 1 | |
| Ancient of War | 2 | |
| Ancient of Wonders | 1 | |
| Tree of Ages | 1 | |
| Ancient Protector | 4 | |
| Tree of Life | 1 | |
| Ancient of Wind | 1 | |
| Ancient of Lore | 1 | |
| Tree of Eternity | 1 | |
21 total
» build order
00:16 Moon Well
01:16 Altar of Elders
01:26 Hunter's Hall
01:32 Ancient of War
01:54 Ancient of War
02:23 Moon Well
03:03 Ancient of Wonders
04:13 Moon Well
05:25 Tree of Ages
05:28 Moon Well
06:20 Ancient Protector
06:26 Moon Well
06:31 Moon Well
07:34 Tree of Life
07:47 Ancient Protector
07:50 Ancient Protector
09:24 Ancient of Wind
09:27 Ancient of Lore
11:39 Tree of Eternity
12:54 Ancient Protector
14:11 Moon Well
Mega_J (
blue | 38 APM | 593 actions | 15:27)
1 Crypt Lord
1 Carrion Beetles
» actions
| Assign group hotkey | 2 | |
| Build / train | 39 | |
| Enter build submenu | 33 | |
| Enter hero's abilities submenu | 1 | |
| Remove unit from queue | 1 | |
| Right click | 284 | |
| Select / deselect | 205 | |
| Select group hotkey | 2 | |
| Use ability | 26 | |
593 total
» units
| Acolyte | 12 | |
| Ghoul | 5 | |
| Crypt Fiend | 2 | |
| Gargoyle | 1 | |
20 total
» upgrades
| Unholy Armor | 3 | |
| Cannibalize | 0 | |
| Unholy Strength | 3 | |
| Creature Carapace | 1 | |
| Creature Attack | 1 | |
8 total
» buildings
| Crypt | 3 | |
| Ziggurat | 10 | |
| Graveyard | 2 | |
| Nerubian Tower | 6 | |
| Altar of Darkness | 1 | |
| Tomb of Relics | 1 | |
| Halls of the Dead | 1 | |
| Black Citadel | 1 | |
| Necropolis | 1 | |
26 total
» build order
00:11 Crypt
00:16 Crypt
00:19 Ziggurat
00:26 Ziggurat
00:50 Graveyard
01:11 Nerubian Tower
01:32 Ziggurat
01:54 Nerubian Tower
02:22 Altar of Darkness
03:08 Ziggurat
03:11 Nerubian Tower
03:32 Tomb of Relics
04:01 Nerubian Tower
04:19 Halls of the Dead
04:51 Ziggurat
06:10 Nerubian Tower
07:37 Graveyard
08:11 Black Citadel
09:13 Crypt
10:48 Necropolis
10:58 Ziggurat
11:01 Ziggurat
12:09 Nerubian Tower
12:33 Ziggurat
12:36 Ziggurat
14:20 Ziggurat
team 2 (winner)

»
Bigmom23 (
yellow | 42 APM | 754 actions | 18:02)
6 Death Knight
2 Unholy Aura
3 Death Coil
1 Animate Dead
» actions
| Basic commands | 16 | |
| Build / train | 65 | |
| Enter build submenu | 20 | |
| Enter hero's abilities submenu | 6 | |
| Right click | 503 | |
| Select / deselect | 117 | |
| Use ability | 27 | |
754 total
» units
| Acolyte | 7 | |
| Ghoul | 13 | |
| Gargoyle | 8 | |
| Frost Wyrm | 8 | |
| Blue Dragon Whelp | 1 | |
| Blue Drake | 1 | |
38 total
» upgrades
| Creature Attack | 3 | |
| Creature Carapace | 3 | |
| Freezing Breath | 1 | |
7 total
» buildings
| Altar of Darkness | 1 | |
| Ziggurat | 9 | |
| Crypt | 1 | |
| Graveyard | 1 | |
| Halls of the Dead | 3 | |
| Tomb of Relics | 1 | |
| Sacrificial Pit | 1 | |
| Black Citadel | 4 | |
| Boneyard | 4 | |
| Spirit Tower | 1 | |
26 total
» build order
00:44 Altar of Darkness
00:47 Ziggurat
00:52 Crypt
01:03 Graveyard
02:40 Ziggurat
03:18 Halls of the Dead
03:18 Halls of the Dead
04:03 Ziggurat
04:09 Tomb of Relics
06:27 Sacrificial Pit
08:01 Black Citadel
08:01 Black Citadel
08:02 Black Citadel
08:02 Black Citadel
08:42 Ziggurat
08:44 Ziggurat
08:47 Ziggurat
08:50 Ziggurat
08:58 Ziggurat
10:41 Boneyard
10:43 Boneyard
11:35 Boneyard
11:42 Boneyard
13:51 Ziggurat
16:24 Spirit Tower
FlameChallenger (
purple | 53 APM | 965 actions | 18:03)
6 Blood Mage
3 Flame Strike
2 Siphon Mana
1 Summon Phoenix
» actions
| Assign group hotkey | 23 | |
| Basic commands | 23 | |
| Build / train | 59 | |
| Enter build submenu | 37 | |
| Enter hero's abilities submenu | 6 | |
| Give item / drop item | 5 | |
| Right click | 433 | |
| Select / deselect | 205 | |
| Select group hotkey | 75 | |
| Use ability | 99 | |
965 total
» units
| Peasant | 17 | |
| Footman | 4 | |
| Goblin Shredder | 1 | |
| Sorceress | 3 | |
| Goblin Zeppelin | 2 | |
27 total
» upgrades
| Sorceress Training | 1 | |
| Masonry | 3 | |
| Magic Sentry | 1 | |
5 total
» buildings
| Altar of Kings | 1 | |
| Barracks | 1 | |
| Farm | 6 | |
| Keep | 1 | |
| Lumber Mill | 1 | |
| Arcane Vault | 1 | |
| Town Hall | 2 | |
| Scout Tower | 29 | |
| Arcane Sanctum | 1 | |
| Guard Tower | 6 | |
| Castle | 1 | |
50 total
» build order
00:36 Altar of Kings
00:39 Barracks
00:50 Farm
01:05 Farm
01:11 Farm
01:19 Farm
02:33 Farm
03:18 Keep
03:46 Lumber Mill
03:55 Arcane Vault
04:17 Town Hall
05:03 Scout Tower
05:04 Scout Tower
05:06 Scout Tower
05:09 Scout Tower
06:01 Farm
06:06 Arcane Sanctum
06:31 Guard Tower
07:20 Scout Tower
07:21 Scout Tower
07:22 Scout Tower
07:24 Scout Tower
07:24 Scout Tower
09:48 Scout Tower
09:48 Scout Tower
09:48 Scout Tower
09:49 Scout Tower
09:50 Scout Tower
09:50 Scout Tower
09:51 Scout Tower
09:54 Guard Tower
09:57 Castle
10:54 Guard Tower
12:57 Guard Tower
13:02 Scout Tower
13:02 Scout Tower
13:05 Scout Tower
13:06 Scout Tower
13:06 Scout Tower
13:48 Guard Tower
16:01 Town Hall
16:58 Scout Tower
16:59 Scout Tower
16:59 Scout Tower
17:00 Scout Tower
17:00 Scout Tower
17:01 Scout Tower
17:01 Scout Tower
17:44 Guard Tower
» items
| Scroll of Regeneration | 3 | |
| Boots of Speed | 1 | |
| Potion of Invisibility | 3 | |
| Lesser Clarity Potion | 1 | |
| Healing Salve | 1 | |
| Scroll of Town Portal | 1 | |
| Potion of Mana | 1 | |
| Staff of Teleportation | 1 | |
12 total

»
Mavrek85 (
teal | 27 APM | 486 actions | 18:02)
5 Priestess of the Moon
2 Searing Arrows
2 Trueshot Aura
1 Starfall
» actions
| Assign group hotkey | 9 | |
| Basic commands | 1 | |
| Build / train | 51 | |
| Enter build submenu | 11 | |
| Enter hero's abilities submenu | 6 | |
| Give item / drop item | 2 | |
| Right click | 270 | |
| Select / deselect | 103 | |
| Select group hotkey | 2 | |
| Use ability | 31 | |
486 total
» units
| Wisp | 15 | |
| Archer | 2 | |
| Huntress | 3 | |
| Druid of the Claw | 6 | |
26 total
» upgrades
| Strength of the Moon | 1 | |
| Moon Armor | 1 | |
| Strength of the Wild | 3 | |
| Reinforced Hides | 3 | |
| Druid of the Claw Training | 2 | |
| Mark of the Claw | 1 | |
11 total
» buildings
| Altar of Elders | 1 | |
| Moon Well | 5 | |
| Ancient of War | 1 | |
| Hunter's Hall | 1 | |
| Tree of Ages | 1 | |
| Ancient of Lore | 2 | |
| Ancient Protector | 1 | |
| Tree of Eternity | 1 | |
13 total
» build order
01:04 Altar of Elders
01:08 Moon Well
01:14 Ancient of War
02:52 Hunter's Hall
02:59 Moon Well
04:08 Tree of Ages
04:50 Moon Well
04:58 Moon Well
07:04 Ancient of Lore
07:09 Ancient of Lore
07:33 Ancient Protector
09:06 Moon Well
10:48 Tree of Eternity
» items
| Periapt of Vitality | 1 | |
| Circlet of Nobility | 1 | |
| Scroll of Healing | 1 | |
| Scroll of Protection | 1 | |
4 total

»
Syndicate77 (
red | 27 APM | 488 actions | 18:02)
5 Blademaster
3 Wind Walk
2 Critical Strike
» actions
| Assign group hotkey | 9 | |
| Build / train | 37 | |
| Enter build submenu | 15 | |
| Enter hero's abilities submenu | 5 | |
| Right click | 135 | |
| Select / deselect | 90 | |
| Select group hotkey | 174 | |
| Use ability | 22 | |
488 total
» units
| Peon | 8 | |
| Wind Rider | 12 | |
| Troll Batrider | 2 | |
| Goblin Zeppelin | 1 | |
23 total
» upgrades
| Ranged Weapons | 4 | |
| Envenomed Spears | 1 | |
5 total
» buildings
| Orc Burrow | 7 | |
| Altar of Storms | 1 | |
| War Mill | 1 | |
| Stronghold | 1 | |
| Beastiary | 2 | |
| Fortress | 1 | |
| Voodoo Lounge | 1 | |
14 total
» build order
00:51 Orc Burrow
01:53 Altar of Storms
02:23 War Mill
02:31 Stronghold
02:38 Orc Burrow
03:12 Orc Burrow
03:15 Orc Burrow
04:57 Beastiary
05:10 Beastiary
08:07 Fortress
08:24 Voodoo Lounge
08:44 Orc Burrow
08:48 Orc Burrow
08:52 Orc Burrow
» items
Chat log
(00:11 / Allies) Mavrek85: yo
(00:14 / Allies) Bigmom23: yo
(00:15 / Allies) FlameChallenger: yo
(00:19 / Allies) Mavrek85: i masss arch dryads
(00:20 / Allies) Bigmom23: is ur name maverick?
(00:27 / Allies) FlameChallenger: HEY YO JAKE BIG BOI CAMPBELL UP IN THIS BITCH
(00:32 / Allies) Mavrek85: yea
(00:34 / Allies) Bigmom23: yeee nigguh
(00:38 / Allies) Mavrek85: lol
(00:39 / Allies) Bigmom23: my name is maverick too
(00:48 / Allies) Mavrek85: thats crazy
(00:55 / Allies) Mavrek85: i never met another maverick
(00:58 / Allies) Mavrek85: lol
(01:07 / Allies) Bigmom23: neither have i
(01:16 / Allies) Bigmom23: where r u from?
(01:24 / Allies) Mavrek85: fckn indiana
(01:25 / Allies) FlameChallenger: I've been called a maverick
(01:28 / Allies) Mavrek85: boring asss place
(01:31 / Allies) Bigmom23: lol
(01:33 / Allies) FlameChallenger: Gregory "Dratsab" Huffman called me such
(01:35 / Allies) Bigmom23: im from canada
(01:40 / Allies) Mavrek85: tryin to move actually
(01:44 / Allies) FlameChallenger: \when he unfriended me from facebook
(01:48 / Allies) Bigmom23: hmmm how ld r u?
(01:49 / Allies) Mavrek85: i should come to canada
(01:55 / Allies) Mavrek85: 28
(01:59 / Allies) Bigmom23: maybe ull meet more mavericks
(02:00 / Allies) Syndicate77: wyvs here i guess
(02:04 / Allies) FlameChallenger: I'm 26 myself, I live at home
(02:05 / Allies) Bigmom23: ahhh im 17
(02:09 / Allies) Mavrek85: i go arch dryads
(02:11 / Allies) Mavrek85: hipps
(02:20 / Allies) FlameChallenger: Trying to get my sister to marry me but she just wants to be sibs with benefits
(02:29 / Allies) Mavrek85: lol
(02:30 / Allies) Bigmom23: wtf
(02:34 / Allies) Bigmom23: u red neck
(02:40 / Allies) Mavrek85: lol
(02:44 / Allies) Mavrek85: rush guuys?
(02:47 / Allies) FlameChallenger: You think there's something wrong with incest?
(02:48 / Allies) Bigmom23: nah
(02:59 / Allies) Bigmom23: thats some fucked up shit
(03:13 / Allies) FlameChallenger: If it's okay with the Ptomelies it's okay with the Campbells
(03:14 / Allies) Mavrek85: rush?
(03:19 / Allies) Syndicate77: too late
(03:19 / Allies) Mavrek85: or creep
(03:25 / Allies) Bigmom23: creep
(03:48 / Allies) Bigmom23: who got melee?
(04:12 / Allies) Bigmom23: no one melee?
(04:19 / Allies) Syndicate77: i meani guess i cna
(04:21 / Allies) FlameChallenger: gold?
(04:22 / Allies) Mavrek85: should i go hunts
(04:25 / Allies) Mavrek85: bears?
(04:28 / Allies) Bigmom23: hmmm
(04:28 / Allies) Syndicate77: sure
(04:31 / Allies) FlameChallenger: don't follow please
(04:35 / Allies) Syndicate77: you are cute though
(04:39 / Allies) FlameChallenger: unless you give 200 gold
(04:49 / Allies) Bigmom23: i guess ill go bats and frsts
(05:39 / Allies) FlameChallenger: why
(05:44 / Allies) Mavrek85: sry
(05:50 / Allies) Bigmom23: lol
(06:03 / Allies) Mavrek85: makes us all stronger man
(06:05 / Allies) Mavrek85: damn
(06:08 / Allies) Mavrek85: ur selfish
(06:13 / Allies) FlameChallenger: I don't need help to creep
(06:18 / Allies) FlameChallenger: I need level 3
(06:21 / Allies) Bigmom23: incest does that to u
(06:22 / Allies) Mavrek85: k
(10:27 / Allies) Syndicate77: anything that can attack air
(10:29 / Allies) Syndicate77: attack the air
(10:48 / Allies) Bigmom23: lumber anyone?
(10:51 / Allies) Syndicate77: lets go get blues hero
(11:06 / Allies) Syndicate77: hahahaha
(11:08 / Allies) Mavrek85: nice
(11:10 / Allies) Bigmom23: any one spare me lumber?
(11:28 / Allies) Bigmom23: thnx
(11:36 / Allies) Syndicate77: lets go middle now
(11:50 / Allies) Syndicate77: yellow teal coem
(12:43 / Allies) Syndicate77: holy gold purp
(13:13 / Allies) Syndicate77: out
(13:13 / Allies) Syndicate77: out
(13:14 / Allies) Syndicate77: out
(13:16 / Allies) Mavrek85: wtf?
(13:25 / Allies) Bigmom23: teal
(13:26 / Allies) Bigmom23: b
(15:03 / Allies) Mavrek85: tp?
(15:13 / Allies) FlameChallenger: yes!
(15:14 / Allies) Mavrek85: all tp-
(15:22 / Allies) Bigmom23: theyre shit
(15:23 / All) deathdealers: y
(15:25 / All) FlameChallenger: charge right into 50 towers LOL
(15:30 / All) Bigmom23: ur done
(15:47 / All) Bigmom23: GG
(15:52 / Allies) Mavrek85: yup
(15:57 / Allies) Mavrek85: good job fellas
(16:04 / Allies) Bigmom23: nice meeting ya teal
(16:16 / Allies) Bigmom23: this is like once in a life time
(16:17 / All) Bigmom23: LL
(16:20 / Allies) Bigmom23: LOL
(16:36 / All) FlameChallenger: that's the most I've towered an expo in a long time too lol!
(16:46 / All) FlameChallenger: sure came in handy
(18:01 / Allies) Bigmom23: gg guys